 Dungeon Crawl Stone Soup version 0.29-a0-296-gda187f2e07 (console) character file.

Game seed: 3493213005668243162

81 Gather the Conjurer (level 4, -23/32 HPs)
             Began as a Mummy Conjurer on Mar 18, 2022.
             Killed from afar by a purple draconian (41 damage)
             ... with a bolt of dispelling energy
             ... on level 1 of the Abyss on Mar 19, 2022.
             The game lasted 00:08:55 (3667 turns).

Gather the Conjurer (Mummy Conjurer)                Turns: 3667, Time: 00:08:56

Health: -23/32     AC:  3    Str: 10    XL:     4   Next: 19%
Magic:  8/8        EV: 11    Int: 19    God:
Gold:   138        SH:  0    Dex: 10    Spells: 6/9 levels left

rFire   . . .      SeeInvis .   p - +1 dagger (venom)
rCold   + . .      Faith    .   (no shield)
rNeg    + + +      Spirit   .   l - +1 robe {rF+}
rPois   ∞          Reflect  .   (no helmet)
rElec   .          Harm     .   (no cloak)
rCorr   .          Rampage  .   (no gloves)
Will    .....                   (no boots)
Stlth   ++........              (no amulet)
HPRegen 0.10/turn               h - ring of wizardry
MPRegen 0.11/turn               (no ring)

@: no status effects
A: cold resistance 1, negative energy resistance 3, torment resistance 2, heat
vulnerability 1, in touch with death 1, no potions
a: no special abilities


You were on level 1 of the Abyss.
You visited 1 branch of the dungeon, and saw 3 of its levels.
You visited the Abyss 1 time.

You collected 138 gold pieces.

Inventory:

Hand Weapons
 c - a +0 short sword
 e - a +0 hunting sling
 j - a +0 dagger
 o - a +0 long sword
 p - a +1 dagger of venom (weapon)
Missiles
 b - 4 curare-tipped darts (quivered)
 d - 62 stones
Armour
 a - a +0 robe
 l - a +1 robe of fire resistance (worn)
Jewellery
 h - a ring of wizardry (left hand)
Scrolls
 f - a scroll of enchant armour {unknown}
 i - 2 scrolls of fog {unknown}
 k - a scroll of identify {unknown}
 m - a scroll of summoning {unknown}
 n - a scroll of vulnerability {unknown}


   Skills:
 + Level 1.2 Fighting
 - Level 1.5 Dodging
 - Level 1.5 Stealth
 + Level 3.2 Spellcasting
 + Level 4.3 Conjurations


You had 6 spell levels left.
You knew the following spells:

 Your Spells              Type           Power      Damage    Failure   Level
a - Searing Ray           Conj           38%        2d5       1%          2
b - Magic Dart            Conj           76%        1d6       1%          1

Your spell library contained the following spells:

 Spells                   Type           Power      Damage    Failure   Level
 Dazzling Flash           Conj/Hex       22%        N/A       8%          3
 Fulminant Prism          Conj/Hex       5%         3d7       24%         4
 Iskenderun's Mystic Bla  Conj/Tloc      11%        2d4       24%         4


Dungeon Overview and Level Annotations

Branches:
Dungeon (3/15)

Altars:

Annotations:
D:3 Crazy Yiuf, Sigmund


Innate Abilities, Weirdness & Mutations

You are immune to poison.
Your flesh is cold resistant. (rC+)
You are immune to negative energy. (rN+++)
You are immune to unholy pain and torment.
You are vulnerable to heat. (rF-)
You are in touch with the powers of death.
You do not drink.


Message History

The searing ray hits Crazy Yiuf.
Crazy Yiuf is moderately wounded. (Press . to maintain the ray.) Crazy Yiuf closely misses you.
The searing ray hits Crazy Yiuf.
Crazy Yiuf is heavily wounded.
Crazy Yiuf hits you with a +2 quarterstaff of chaos.
You feel very mighty all of a sudden.
The searing ray misses Crazy Yiuf.
Crazy Yiuf hits you with a +2 quarterstaff of chaos.
You are cast into the Abyss!
This branch contains the abyssal rune of Zot.
You start resting.
Magic restored.
You start resting.
You feel a little less mighty now.
There is an open translucent door here.
You start resting.
A black draconian appears in a shower of sparks.
It is wielding a +1 trident of protection.
You start resting.
A black draconian is nearby!
The black draconian roars!
As you read the scroll of teleportation, it crumbles to dust.
You feel strangely unstable.
You feel the power of the Abyss delaying your translocation!
Throw: 5 darts (curare)
Press: ? - help, Q - select action, (/) - cycle Shift-Dir - straight line, f - black draconian
Aim: a black draconian, wielding a +1 trident of protection (54% to hit)
You throw a curare-tipped dart.
The curare-tipped dart barely misses the black draconian.
The black draconian hits you from afar with a +1 trident of protection!
You start resting.
You are suddenly pulled into a different region of the Abyss!
You start resting.
A purple draconian comes into view. It is wielding a +0 dire flail.
The purple draconian roars!
The ynoxinul bellows!
The purple draconian breathes dispelling energy at you.
The bolt of dispelling energy hits you!!!
Ouch! That really hurt!
You die...

#......#
#.§....##
#3§......
#........
#........
#........
####........
#..@........
#.##......##
#.##......#
#...........
#.≈.d.≈≈....
#.....≈.....
#..≈≈...≈...
#.≈≈≈≈..≈...
#≈. ≈ ≈ #≈≈
≈≈≈ . ≈≈ ≈


You could see a purple draconian (catching breath) and a ynoxinul.

Vanquished Creatures
  Robin (D:3)
  A worm (D:2)
  3 dart slugs
  4 endoplasms
  2 giant cockroaches
  13 goblins
  7 hobgoblins
  2 jackals (D:1)
  4 kobolds
  5 quokkas
  8 ball pythons
  2 frilled lizards
  A rat (D:1)
53 creatures vanquished.

Vanquished Creatures (others)
  2 fungi (D:3)
2 creatures vanquished.

Grand Total: 55 creatures vanquished

Notes
Turn   | Place    | Note
-------+----------+-------------------------------------------
     0 | D:1      | Gather the Mummy Conjurer began the quest for the Orb.
     0 | D:1      | Reached XP level 1. HP: 13/13 MP: 4/4
   481 | D:1      | Reached XP level 2. HP: 19/19 MP: 1/5
   484 | D:1      | Learned a level 2 spell: Searing Ray
  1038 | D:1      | Reached skill level 4 in Conjurations
  1466 | D:2      | Upgraded the game from 0.29-a0-294-g83ea962da3 to
                  | 0.29-a0-296-gda187f2e07
  1633 | D:2      | Gained mutation: You are in touch with the powers of death.
                  | [Mummy growth]
  1633 | D:2      | Reached XP level 3. HP: 18/24 MP: 1/7
  2855 | D:3      | Noticed Robin
  2867 | D:3      | Killed Robin
  2868 | D:3      | Reached skill level 1 in Fighting
  2868 | D:3      | Reached XP level 4. HP: 20/32 MP: 0/8
  3158 | D:3      | Found a faded altar of an unknown god.
  3313 | D:3      | Noticed Sigmund
  3461 | D:3      | Found a runed translucent door.
  3462 | D:3      | Noticed Crazy Yiuf
  3469 | D:3      | Cast into level 1 of the Abyss (Crazy Yiuf)
  3557 | Abyss:1  | Noticed a black draconian
  3663 | Abyss:1  | Noticed a purple draconian
  3667 | Abyss:1  | Noticed a ynoxinul
  3667 | Abyss:1  | Killed from afar by a purple draconian

Illustrated notes

Levels and vault maps discovered:
D:1:      tarquinn_simple_flora_water_a, layout_loops_ring
D:2:      layout_loops_ring
D:3:      layout_basic, hellmonk_ecumenical_altar_run_dry,
          uniq_crazy_yiuf_cottage, uniq_robin, uniq_sigmund
Abyss:1:  base:
D:2

Skill      XL: |  1  2  3 |
---------------+----------+-----
Conjurations   | 4 |  4.3
Spellcasting   | 3 |  3.2
Fighting       | 1 |  1.2
Dodging        | |  1.5
Stealth        | |  1.5

Action                   |  1- 3 |  4- 6 || total
-------------------------+-------+-------++-------
Melee: Unarmed           |     8 |       ||     8
       Dagger            |     1 |    10 ||    11
       Short sword       |     1 |     3 ||     4
Throw: Dart              |       |     4 ||     4
 Cast: Magic Dart        |    24 |       ||    24
       Searing Ray       |    26 |     7 ||    33
  Use: Scroll            |       |     2 ||     2
 Stab: Sleeping          |     1 |       ||     1
Armor: Robe              |     3 |     4 ||     7
Dodge: Dodged            |    18 |     7 ||    25

Table legend: (Time is in decaauts)
 A = Elapsed time spent in this place.
 B = Non-inter-level travel time spent in this place.
 C = Inter-level travel time spent in this place.
 D = Time resting spent in this place.
 E = Time spent auto-exploring this place.
 F = Levels seen in this place.
 G = Mean time per level.
                   A        B        C        D        E       F      G
               +--------+--------+--------+--------+--------+-----+--------+
         Total |   3665 |   3399 |    266 |    596 |   2369 |   4 |  916.2 |
       Dungeon |   3467 |   3201 |    266 |    424 |   2369 |   3 | 1155.7 |
         Abyss |    197 |    197 |      0 |    172 |      0 |   1 |  197.0 |
               +--------+--------+--------+--------+--------+-----+--------+

Top non-repeatable levels by time:
     D:1: 1573 daAuts
     D:2: 1020 daAuts
     D:3: 873 daAuts
 Abyss:1: 197 daAuts
